 Dungeon Crawl Stone Soup version 0.22-a0-776-ge6d7efa (webtiles) character file.

217 Hebeh the Conjurer (level 5, -2/28 HPs)
             Began as a Deep Elf Conjurer on July 18, 2018.
             Was an Initiate of Vehumet.
             Slain by Grinder (6 damage)
             ... while paralysed by Grinder
             ... on level 3 of the Dungeon.
             The game lasted 00:14:20 (3088 turns).

Hebeh the Conjurer (Deep Elf Conjurer)              Turns: 3088, Time: 00:14:21

Health: -2/28      AC:  3    Str:  5    XL:     5   Next: 62%
Magic:  11/14      EV:  2    Int: 21    God:    Vehumet [......]
Gold:   141        SH:  0    Dex: 15    Spells: 3/14 levels left

rFire    . . .     SeeInvis .   x - +3 short sword (venom)
rCold    . . .     Gourm    .   (no shield)
rNeg     . . .     Faith    .   k - +0 robe
rPois    .         Spirit   .   t - +0 helmet
rElec    .         Reflect  .   (no cloak)
rCorr    .         Harm     .   (no gloves)
MR       .....                  (no boots)
Stlth    ++........             (no amulet)
HPRegen  0.09/turn              (no ring)
MPRegen  0.14/turn              (no ring)

@: paralysed
A: no striking features
a: Renounce Religion


You were on level 3 of the Dungeon.
You worshipped Vehumet.
Vehumet was noncommittal.
You were not hungry.

You visited 1 branch of the dungeon, and saw 3 of its levels.

You collected 141 gold pieces.

Inventory:

Hand Weapons
 a - a +0 spear
 b - a +0 hunting sling
 r - a +4 dagger
 x - a +3 short sword of venom (weapon)
Missiles
 f - 61 stones (quivered)
 h - 2 throwing nets
 l - 58 arrows
 m - 45 sling bullets
 s - 20 bolts
 w - 4 tomahawks
Armour
 k - a +0 robe (worn)
 t - a +0 helmet (worn)
Wands
 z - a wand of flame (18)
Scrolls
 e - a scroll of amnesia {unknown}
 j - a scroll of magic mapping {unknown}
 n - 2 scrolls of identify {unknown}
 p - 3 scrolls of teleportation {unknown}
 u - a scroll of enchant weapon {unknown}
 y - a scroll of immolation {unknown}
Potions
 d - a potion of curing {unknown}
 g - a potion of flight {unknown}
 i - 3 potions of degeneration {unknown}
 o - 4 potions of mutation {unknown}
 q - a potion of might {unknown}
 v - a potion of lignification {unknown}
Comestibles
 c - 6 rations


   Skills:
 - Level 2.4 Dodging
 - Level 2.4 Stealth
 * Level 5.3 Spellcasting
 * Level 6.4 Conjurations
 + Level 1.4 Translocations


You had 3 spell levels left.
You knew the following spells:

 Your Spells              Type           Power        Failure   Level  Hunger
a - Magic Dart            Conj           ####         1%          1    None
b - Iskenderun's Mystic   Conj           ####....     8%          4    ####...
c - Searing Ray           Conj           ####..       1%          2    None
d - Force Lance           Conj/Tloc      ###.....     21%         4    ####...

Your spell library contained the following spells:

 Spells                   Type           Power        Failure   Level  Hunger
 Fulminant Prism          Conj/Hex       ###.......   28%         4    ####...
 Dazzling Spray           Conj/Hex       ###...       9%          3    ##.....


Dungeon Overview and Level Annotations

Branches:
Dungeon (3/15)

Altars:
Hepliaklqana
Vehumet

Annotations:
D:3 Grinder


Message History

There is a stone staircase leading up here.
Casting: Iskenderun's Mystic Blast (safe; 8% risk of failure)
Confirm with . or Enter, or press ? or * to list all spells.
Aiming: Force Lance (slightly dangerous; 21% risk of failure)
Press: ? - help, Shift-Dir - straight line, f - Grinder
Aim: Grinder The lance of force hits Grinder.
Grinder is lightly wounded.
Grinder is knocked back by the lance of force.
Grinder says, "You look like you could use a good racking."
Grinder gestures at you. Pain shoots through your body!
Grinder gestures at you.
You suddenly lose the ability to move!
Grinder hits you!
You writhe in agony.
Grinder barely misses you. Grinder hits you!
* * * LOW HITPOINT WARNING * * *
You writhe in agony.
You die...

........#.#..# ..#. #........
##........##...# #.... #..^.....
#..).....###.... ...####........
##.).......##.... ...............
#.........#.....##.##..#.........
#....................#..#........
................#..# #.#........
...............5..#####..........
##.............)@.....###........
......................# #........
##....................# #.#######
......................###[###
................#.#.........###
........ ......##.#########...###
##### ...... #.# #...... ......
### ####### ....


You could see Grinder.

Vanquished Creatures
  An orc priest (D:3)
  Terence (D:3)
  Ijyb (D:3)
  Robin (D:2)
  A gnoll (D:1)
  4 adders (D:2)
  A worm (D:3)
  2 dart slugs
  A leopard gecko (D:3)
  8 orcs
  A ball python (D:2)
  8 bats
  A giant cockroach (D:2)
  7 hobgoblins (D:2)
  5 kobolds
  A quokka (D:2)
  4 frilled lizards
  16 goblins
  4 rats
68 creatures vanquished.

Notes
Turn   | Place    | Note
-------+----------+-------------------------------------------
     0 | D:1      | Hebeh the Deep Elf Conjurer began the quest for the Orb.
     0 | D:1      | Reached XP level 1. HP: 10/10 MP: 6/6
     7 | D:1      | Reached XP level 2. HP: 15/15 MP: 0/8
   310 | D:1      | Reached skill level 5 in Conjurations
   806 | D:2      | Reached XP level 3. HP: 19/19 MP: 7/10
   810 | D:2      | Learned a level 2 spell: Searing Ray
  1040 | D:2      | Reached XP level 4. HP: 24/24 MP: 1/12
  1226 | D:2      | Learned a level 4 spell: Iskenderun's Mystic Blast
  1231 | D:2      | Learned a level 4 spell: Force Lance
  1374 | D:2      | Noticed Robin
  1484 | D:2      | Killed Robin
  1484 | D:2      | Reached skill level 6 in Conjurations
  1933 | D:2      | Found a hazy altar of Hepliaklqana.
  1933 | D:2      | Found a radiant altar of Vehumet.
  1983 | D:2      | Became a worshipper of Vehumet
  2245 | D:3      | Reached skill level 1 in Translocations
  2245 | D:3      | Reached XP level 5. HP: 28/28 MP: 2/14
  2365 | D:3      | Reached skill level 5 in Spellcasting
  2523 | D:3      | Noticed Ijyb
  2528 | D:3      | Killed Ijyb
  2694 | D:3      | Noticed Grinder
  2839 | D:3      | Noticed Terence
  2844 | D:3      | Killed Terence
  2939 | D:3      | Paralysed by Grinder for 3 turns
  3085 | D:3      | Paralysed by Grinder for 4 turns
  3088 | D:3      | Slain by Grinder

Vault maps used:
D:1:      lightli_arrival_statue_moat
D:2:      gammafunk_temple_overflow_elements, uniq_robin
D:3:      minmay_misc_feat_rows, lemuel_old_faithful, uniq_ijyb, uniq_terence,
          uniq_grinder

Skill      XL: |  1  2  3  4  5 |
---------------+----------------+-----
Conjurations   | 5 6 |  6.4
Spellcasting   | 4 5 |  5.3
Translocations | 1 |  1.4
Dodging        | |  2.4
Stealth        | |  2.4

Action                   |  1- 3 |  4- 6 || total
-------------------------+-------+-------++-------
 Cast: Magic Dart        |    63 |    61 ||   124
       Iskenderun's Myst |       |    11 ||    11
       Searing Ray       |       |     3 ||     3
       Force Lance       |       |     1 ||     1
  Eat: Chunk             |       |     7 ||     7
       Ration            |       |     1 ||     1
Armor: Robe              |     1 |     1 ||     2
Dodge: Dodged            |     2 |    14 ||    16

Table legend:
 A = Spawn XP
 B = Non-spawn XP
 C = Spawn XP percentage of total XP
 D = Spawn monster count
 E = Non-spawn monster count
 F = Spawn count percentage of total count
 G = Total turns spent on level
                    A         B        C        D         E        F      G
               +---------+---------+-------+---------+---------+-------+---------
         Total |       0 |     311 |   0.0 |       0 |      68 |   0.0 |  3088
               +---------+---------+-------+---------+---------+-------+---------
           D:1 |       0 |      38 |   0.0 |       0 |      16 |   0.0 |   964
           D:2 |       0 |     132 |   0.0 |       0 |      37 |   0.0 |  1277
           D:3 |       0 |     141 |   0.0 |       0 |      15 |   0.0 |   847
               +---------+---------+-------+---------+---------+-------+---------
